 Dungeon Crawl Stone Soup version 0.29.1-12-g30fa7ad0bf (webtiles) character file.

Game seed: 14648826590050990229

859 sanboga the Cleaver (level 7, -3/64 HPs)
             Began as a Minotaur Monk on Jan 5, 2023.
             Slain by Edmund
             ... wielding a +4 flail of venom
              (13 damage)
             ... on level 5 of the Dungeon.
             The game lasted 00:04:48 (4288 turns).

sanboga the Cleaver (Minotaur Monk)                 Turns: 4288, Time: 00:04:48

Health: -3/64      AC:  8    Str: 17    XL:     7   Next: 71%
Magic:  6/6        EV: 11    Int: 11    God:
Gold:   201        SH:  0    Dex: 13    Spells: 6/6 levels left

rFire   . . .      SeeInvis .   a - +1 hand axe
rCold   . . .      Faith    .   (no shield)
rNeg    + . .      Spirit   .   g - +0 ring mail
rPois   .          Reflect  .   (helmet restricted)
rElec   .          Harm     .   (no cloak)
rCorr   .          Rampage  .   v - +1 pair of gloves of Agnosticism {Int+4}
Will    .....                   (no boots)
Stlth   +.........              (no amulet)
HPRegen 0.20/turn               k - ring of positive energy
MPRegen 0.10/turn               (no ring)

@: lethally poisoned (-3 -> -8), invisible
A: horns 2, retaliatory headbutt
a: no special abilities


You were on level 5 of the Dungeon.
You visited 1 branch of the dungeon, and saw 5 of its levels.

You collected 201 gold pieces.

Inventory:

Hand Weapons
 a - a +1 hand axe (weapon)
Armour
 g - a +0 ring mail (worn)
 j - a +1 pair of gloves
 v - the +1 pair of gloves of Agnosticism (worn) {Int+4}
   (You found it on level 4 of the Dungeon)

   Int:       It affects your intelligence (+4).
Jewellery
 k - a ring of positive energy (left hand)
Wands
 l - a wand of iceblast (13)
 r - a wand of paralysis (4)
 w - a wand of mindburst (7)
Scrolls
 c - a scroll of poison {unknown}
 f - 3 scrolls of blinking
 n - a scroll of immolation {unknown}
 o - a scroll of vulnerability {unknown}
 s - a scroll of teleportation {unknown}
 t - a scroll of enchant armour {unknown}
Potions
 b - a potion of lignification {unknown}
 d - 2 potions of attraction {unknown}
 e - 2 potions of haste
 h - a potion of might
 p - a potion of resistance {unknown}
 q - a potion of ambrosia
 u - a potion of cancellation {unknown}


   Skills:
 + Level 6.3 Fighting
 * Level 8.3 Axes
 + Level 5.0 Armour
 - Level 3.2 Dodging
 - Level 1.5 Stealth


You had 6 spell levels left.
You didn't know any spells.
Your spell library contained the following spells:

 Spells                   Type           Power      Damage    Failure   Level
 Portal Projectile        Hex/Tloc       0%         N/A       88%         3
 Tukima's Dance           Hex            0%         N/A       88%         3
 Blade Hands              Tmut           0%         N/A       100%        5


Dungeon Overview and Level Annotations

Branches:
Dungeon (5/15)
 Temple: D:4-7

Altars:
Yredelemnul

Portals:
Abyss: D:4

Annotations:
D:4 FizzleBangTC's ghost, weakling MeEE
D:5 Edmund


Innate Abilities, Weirdness & Mutations

You have a pair of horns on your head.
You reflexively headbutt those who attack you in melee.


Message History

You fade into invisibility!
You feel sick. Edmund closely misses you.
You hit Edmund. You headbutt Edmund, but do no damage.
Edmund is heavily wounded.
You feel sick.
Edmund hits you with a +4 flail of venom.
You hit Edmund but do no damage.
Edmund is heavily wounded.
You feel sick. Edmund barely misses you. You furiously retaliate!
You headbutt Edmund. You hit Edmund but do no damage.
You headbutt Edmund, but do no damage.
Edmund is heavily wounded.
You feel sick.
Edmund hits you with a +4 flail of venom.
* * * LOW HITPOINT WARNING * * *
You are more poisoned.
You hit Edmund. Your headbutt misses Edmund.
Edmund is severely wounded.
You feel sick. Edmund closely misses you.
You completely miss Edmund.
Edmund is severely wounded.
You feel sick.
Edmund hits you with a +4 flail of venom!
* * * LOW HITPOINT WARNING * * *
You are more poisoned.
You slash Edmund! You headbutt Edmund, but do no damage.
Edmund is almost dead.
* * * LOW HITPOINT WARNING * * *
You feel very sick.
You feel better.
Edmund hits you with a +4 flail of venom.
* * * LOW HITPOINT WARNING * * *
You are lethally poisoned!
You feel better. Edmund hits you but does no damage.
You are poisoned.
You hit Edmund but do no damage. You headbutt Edmund.
Edmund is almost dead.
You feel sick.
Edmund hits you with a +4 flail of venom!
You die...

#....<.....##
##..........
#######.#######.#
#.......### #..#
#.#.......# ##.## #
#.###.#.###...###...
# #........(......
#######...###...
##@## # #@# #.# #.#
.#. # #


You could see Edmund (unable to see you).

Vanquished Creatures
  Grinder (D:3)
  The ghost of Jingleheimer the Trooper, an amateur TeBe of Trog (D:4)
  A small abomination (D:4)
  A necrophage (D:4)
  An iron imp (D:4)
  An orc priest (D:4)
  Jessica (D:3)
  An iguana (D:4)
  2 orc wizards
  A hound zombie (D:4)
  An adder (D:2)
  An ufetubus (D:4)
  An adder zombie (D:4)
  2 worms (D:2)
  A dart slug (D:3)
  10 orcs
  5 ball pythons
  5 endoplasms
  2 giant cockroaches
  4 goblins
  6 hobgoblins
  4 quokkas
  7 bats
  3 frilled lizards
  7 kobolds
  9 rats
79 creatures vanquished.

Notes
Turn   | Place    | Note
-------+----------+-------------------------------------------
     0 | D:1      | sanboga the Minotaur Monk began the quest for the Orb.
     0 | D:1      | Reached XP level 1. HP: 19/19 MP: 0/0
   111 | D:1      | Reached skill level 4 in Axes
   113 | D:1      | Reached XP level 2. HP: 18/27 MP: 1/1
   232 | D:1      | Reached skill level 1 in Armour
  1289 | D:2      | Reached XP level 3. HP: 33/33 MP: 2/2
  2130 | D:3      | Noticed Grinder
  2138 | D:3      | Reached XP level 4. HP: 29/40 MP: 3/3
  2143 | D:3      | Paralysed by Grinder for 4 turns
  2164 | D:3      | Reached skill level 5 in Axes
  2164 | D:3      | Killed Grinder
  2165 | D:3      | Reached skill level 5 in Fighting
  2165 | D:3      | Reached skill level 6 in Axes
  2165 | D:3      | Reached XP level 5. HP: 13/48 MP: 4/4
  2165 | D:3      | Reached XP level 6. HP: 16/56 MP: 5/5
  2623 | D:3      | Noticed Jessica
  2629 | D:3      | Killed Jessica
  3044 | D:3      | Found a faded altar of an unknown god.
  3186 | D:4      | Found a transporter.
  3192 | D:4      | Found a transporter.
  3370 | D:4      | Found a runed translucent gate.
  3370 | D:4      | Found a runed translucent gate.
  3370 | D:4      | Found a runed translucent gate.
  3370 | D:4      | Noticed Jingleheimer's ghost (amateur TeBe)
  3372 | D:4      | Found a basalt altar of Yredelemnul.
  3400 | D:4      | Killed Jingleheimer's ghost
  3401 | D:4      | Reached skill level 7 in Axes
  3401 | D:4      | Reached XP level 7. HP: 29/62 MP: 6/6
  3405 | D:4      | Identified the +1 pair of gloves of Agnosticism {Int+4}
  3851 | D:4      | Found a one-way gate to the infinite horrors of the Abyss.
  3851 | D:4      | Noticed FizzleBangTC's ghost (weakling MeEE)
  3912 | D:4      | Noticed a small abomination
  4003 | D:4      | Killed a small abomination
  4004 | D:4      | Reached skill level 8 in Axes
  4004 | D:4      | Reached skill level 5 in Armour
  4199 | D:5      | Entered Level 5 of the Dungeon
  4269 | D:5      | Noticed Edmund
  4288 | D:5      | Slain by Edmund

Illustrated notes

Levels and vault maps discovered:
D:1:      dpeg_arrival_rooms_b, layout_basic, minmay_misc_feat_four_crosses,
          kennysheep_boxes
D:2:      layout_loops_cross, patterned_corridor
D:3:      layout_basic, shapermc_ecumenical_altar_hornbeckon, minivault_19,
          uniq_grinder, uniq_jessica
D:4:      layout_cave_pools, nicolae_yredelemnul_ghost_church,
          gammafunk_ghost_abyssal_escape, nicolae_concentric_dashed_squares_mild
D:5:      layout_loops_ring, minmay_temple_entry_offerings, uniq_ijyb,
          uniq_edmund

Skill      XL: |  1  2  3  4  5  6  7 |
---------------+----------------------+-----
Axes           | 4 6 7 8 |  8.3
Armour         | 1 2 3 4 5 |  5.0
Fighting       | 4 5 6 |  6.3
Dodging        | |  3.2
Stealth        | |  1.5

Action                   |  1- 3 |  4- 6 |  7- 9 || total
-------------------------+-------+-------+-------++-------
Melee: Hand axe          |   100 |    65 |    66 ||   231
       Headbutt          |    15 |    18 |    18 ||    51
       Punch             |     1 |       |       ||     1
  Use: Scroll            |     3 |     3 |       ||     6
       Potion            |     1 |     1 |     4 ||     6
 Stab: Sleeping          |     5 |       |       ||     5
Armor: Robe              |    23 |     8 |       ||    31
       Ring mail         |       |    13 |    15 ||    28
Dodge: Dodged            |    61 |    24 |    28 ||   113
